3AA
TACOMA FUR TRADERS @ SAN ANTONIO BC
07/11/2023
 
TOP OF THE 1ST
Tacoma Fur Traders batting - Pitching for San Antonio BC : RHP Arnout Els
Pitching: RHP Arnout Els
Batting: RHB Arturo Rodríguez 0-0: Foul Ball, location: 2F
0-1: Ball
1-1: Foul Ball, location: 2F
1-2: Strikes out swinging
Batting: RHB Mike Daniels 0-0: Ground out 5-3 (Groundball, 5)
Batting: LHB Jim Unknown 0-0: Called Strike
0-1: Ball
1-1: Foul Ball, location: 2F
1-2: Fly out, F5 (Popup, 5DF)
Top of the 1st over - 0 run(s), 0 hit(s), 0 error(s), 0 left on base; Tacoma 0 - San Antonio 0
BOTTOM OF THE 1ST
San Antonio BC batting - Pitching for Tacoma Fur Traders : RHP Jim Unknown
Pitching: RHP Jim Unknown
Batting: RHB Habbo Allaart 0-0: Ball
1-0: Ball
2-0: Ball
3-0: Base on Balls
Batting: RHB Alfredo Mojica 0-0: Ball
1-0: Ball
2-0: Called Strike
2-1: Called Strike
2-2: SINGLE (Groundball, 34D)
Habbo Allaart to second
Habbo Allaart to third
Batting: LHB Raúl Trevino 0-0: Called Strike
0-1: Fly out, F5 (Popup, 5DF)
Batting: RHB Albert Delgado 0-0: Called Strike
0-1: Swinging Strike
0-2: Grounds into double play, 6-4-3 (Groundball, 6M)
Bottom of the 1st over - 0 run(s), 1 hit(s), 0 error(s), 1 left on base; Tacoma 0 - San Antonio 0
TOP OF THE 2ND
Tacoma Fur Traders batting - Pitching for San Antonio BC : RHP Arnout Els
Batting: RHB Mario Castillo 0-0: Ball
1-0: Called Strike
1-1: Ground out 1-3 (Groundball, 13)
Batting: LHB Jim Unknown 0-0: Ball
1-0: Ball
2-0: Foul Ball, location: 2F
2-1: SINGLE (Groundball, 2R) (infield hit)
Batting: SHB Júlio Camacho 0-0: Called Strike
0-1: Fly out, F7 (Flyball, 7LM)
Batting: RHB Rubén Alvarado 0-0: Called Strike
0-1: Called Strike
0-2: Strikes out swinging
Top of the 2nd over - 0 run(s), 1 hit(s), 0 error(s), 1 left on base; Tacoma 0 - San Antonio 0
BOTTOM OF THE 2ND
San Antonio BC batting - Pitching for Tacoma Fur Traders : RHP Jim Unknown
Batting: RHB António Sánchez 0-0: Fly out, F3 (Popup, 3DF)
Batting: RHB León Cabrera 0-0: Ball
1-0: Foul Ball, location: 2F
1-1: Ground out 4-3 (Groundball, 4)
Batting: LHB Trent Kershaw 0-0: Called Strike
0-1: Foul Ball, location: 2F
0-2: Ball
1-2: DOUBLE (Line Drive, 7LS)
Batting: RHB Marvin Hayes 0-0: Ball
1-0: Foul Ball, location: 2F
1-1: Ball
2-1: Ball
3-1: Base on Balls
Batting: RHB Martín Álvarez 0-0: Foul Ball, location: 2F
0-1: Called Strike
0-2: Ball
1-2: Ball
2-2: Foul Ball, location: 2F
2-2: Ball
3-2: Base on Balls
Trent Kershaw to third
Marvin Hayes to second
Batting: RHB Habbo Allaart 0-0: Ball
1-0: Ball
2-0: Ball
3-0: Called Strike
3-1: Ground out 6-3 (Groundball, 56)
Bottom of the 2nd over - 0 run(s), 1 hit(s), 0 error(s), 3 left on base; Tacoma 0 - San Antonio 0
TOP OF THE 3RD
Tacoma Fur Traders batting - Pitching for San Antonio BC : RHP Arnout Els
Batting: RHB Jim Unknown 0-0: Swinging Strike
0-1: Ball
1-1: Called Strike
1-2: SINGLE (Line Drive, 56D)
Batting: RHB Jim Unknown 0-0: Called Strike
0-1: Foul Ball, location: 2F
0-2: DOUBLE (Flyball, 7D)
Jim Unknown to third
Batting: RHB Arturo Rodríguez 0-0: Foul Ball, location: 2F
0-1: Foul Ball, location: 2F
0-2: Foul Ball, location: 2F
0-2: Foul Ball, location: 2F
0-2: Fly out, F3 (Popup, 3F)
Batting: RHB Mike Daniels 0-0: Ball
1-0: Called Strike
1-1: Ball
2-1: Swinging Strike
2-2: SINGLE (Line Drive, 6MD)
Jim Unknown scores
Jim Unknown to third
Runner from 3rd tries for Home, SAFE, no throw or cutoff
Batting: LHB Jim Unknown 0-0: Ball
1-0: SINGLE (Groundball, 56D)
Mike Daniels to second
Batting: RHB Mario Castillo 0-0: Called Strike
Mike Daniels is caught stealing 3rd base
Jim Unknown to second
0-1: Foul Ball, location: 2F
0-2: Ball
1-2: Ball
2-2: Strikes out swinging
Top of the 3rd over - 2 run(s), 4 hit(s), 0 error(s), 1 left on base; Tacoma 2 - San Antonio 0
BOTTOM OF THE 3RD
San Antonio BC batting - Pitching for Tacoma Fur Traders : RHP Jim Unknown
Batting: RHB Alfredo Mojica 0-0: Ground out 1-3 (Groundball, 13S)
Batting: LHB Raúl Trevino 0-0: Called Strike
0-1: Ball
1-1: Foul Ball, location: 2F
1-2: Ball
2-2: Ground out 1-3 (Groundball, 13)
Batting: RHB Albert Delgado 0-0: Called Strike
0-1: Foul Ball, location: 2F
0-2: Ball
1-2: Ground out 5-3 (Groundball, 5)
Bottom of the 3rd over - 0 run(s), 0 hit(s), 0 error(s), 0 left on base; Tacoma 2 - San Antonio 0
TOP OF THE 4TH
Tacoma Fur Traders batting - Pitching for San Antonio BC : RHP Arnout Els
Batting: LHB Jim Unknown 0-0: Called Strike
0-1: Ground out 6-3 (Groundball, 6M)
Batting: SHB Júlio Camacho 0-0: Foul Ball, location: 2F
0-1: Foul Ball, location: 2F
0-2: Foul Ball, location: 2F
0-2: Ball
1-2: Ball
2-2: Ball
3-2: Fly out, F8 (Flyball, 8RS)
Batting: RHB Rubén Alvarado 0-0: Ball
1-0: Called Strike
1-1: Ball
2-1: Swinging Strike
2-2: DOUBLE (Line Drive, 5L)
Batting: RHB Jim Unknown 0-0: Ball
1-0: Ball
2-0: Ball
3-0: Called Strike
3-1: Base on Balls
Batting: RHB Jim Unknown 0-0: Swinging Strike
0-1: Ball
1-1: Fielders Choice at 2nd, 5-4 (Groundball, 56)
Top of the 4th over - 0 run(s), 1 hit(s), 0 error(s), 1 left on base; Tacoma 2 - San Antonio 0
BOTTOM OF THE 4TH
San Antonio BC batting - Pitching for Tacoma Fur Traders : RHP Jim Unknown
Batting: RHB António Sánchez 0-0: Ball
1-0: Ball
2-0: Ball
3-0: Called Strike
3-1: Fly out, F7 (Flyball, 78S)
Batting: RHB León Cabrera 0-0: Ground out 6-3 (Groundball, 6M)
Batting: LHB Trent Kershaw 0-0: Ball
1-0: Ball
2-0: Swinging Strike
2-1: Ball
3-1: Foul Ball, location: 2F
3-2: Strikes out swinging
Bottom of the 4th over - 0 run(s), 0 hit(s), 0 error(s), 0 left on base; Tacoma 2 - San Antonio 0
TOP OF THE 5TH
Tacoma Fur Traders batting - Pitching for San Antonio BC : RHP Arnout Els
Batting: RHB Arturo Rodríguez 0-0: Ball
1-0: Called Strike
1-1: Called Strike
1-2: Foul Ball, location: 2F
1-2: Ground out 5-3 (Groundball, 56)
Batting: RHB Mike Daniels 0-0: Ball
1-0: Called Strike
1-1: Foul Ball, location: 2F
1-2: Ball
2-2: Ball
3-2: Foul Ball, location: 2F
3-2: Foul Ball, location: 2F
3-2: Strikes out swinging
Batting: LHB Jim Unknown 0-0: Called Strike
0-1: Ball
1-1: Foul Ball, location: 2F
1-2: Ball
2-2: Ball
3-2: Base on Balls
Batting: RHB Mario Castillo 0-0: Ball
1-0: Called Strike
1-1: Ball
2-1: Foul Ball, location: 2F
2-2: Fly out, F8 (Flyball, 8RS)
Top of the 5th over - 0 run(s), 0 hit(s), 0 error(s), 1 left on base; Tacoma 2 - San Antonio 0
BOTTOM OF THE 5TH
San Antonio BC batting - Pitching for Tacoma Fur Traders : RHP Jim Unknown
Batting: RHB Marvin Hayes 0-0: Ball
1-0: Foul Ball, location: 2F
1-1: Ball
2-1: Foul Ball, location: 2F
2-2: Strikes out swinging
Batting: RHB Martín Álvarez 0-0: Called Strike
0-1: Ground out 6-3 (Groundball, 6M)
Batting: RHB Habbo Allaart 0-0: Called Strike
0-1: Swinging Strike
0-2: Strikes out looking
Bottom of the 5th over - 0 run(s), 0 hit(s), 0 error(s), 0 left on base; Tacoma 2 - San Antonio 0
TOP OF THE 6TH
Tacoma Fur Traders batting - Pitching for San Antonio BC : RHP Arnout Els
Batting: LHB Jim Unknown 0-0: Ball
1-0: Ball
2-0: Foul Ball, location: 2F
2-1: Ball
3-1: Base on Balls
Batting: SHB Júlio Camacho 0-0: Ball
1-0: Bunted foul
1-1: Bunted foul
1-2: Ball
2-2: Ball
3-2: Base on Balls
Jim Unknown to second
Batting: RHB Rubén Alvarado 0-0: Bunt missed!
0-1: Sac Bunt - play at first, batter OUT! 2-4
Jim Unknown to third
Júlio Camacho to second
Batting: RHB Jim Unknown 0-0: Hit by Pitch
Batting: RHB Jim Unknown 0-0: Fly out, F6 (Line Drive, 6M)
Batting: RHB Arturo Rodríguez 0-0: Ball
1-0: Called Strike
1-1: Fly out, F8 (Line Drive, 8LD)
Top of the 6th over - 0 run(s), 0 hit(s), 0 error(s), 3 left on base; Tacoma 2 - San Antonio 0
BOTTOM OF THE 6TH
San Antonio BC batting - Pitching for Tacoma Fur Traders : RHP Jim Unknown
Batting: RHB Alfredo Mojica 0-0: Foul Ball, location: 2F
0-1: Foul Ball, location: 2F
0-2: Strikes out swinging
Batting: LHB Raúl Trevino 0-0: Called Strike
0-1: Called Strike
0-2: Strikes out swinging
Batting: RHB Albert Delgado 0-0: Ball
1-0: Ball
2-0: Ground out 1-3 (Groundball, 13S)
Bottom of the 6th over - 0 run(s), 0 hit(s), 0 error(s), 0 left on base; Tacoma 2 - San Antonio 0
TOP OF THE 7TH
Tacoma Fur Traders batting - Pitching for San Antonio BC : RHP Arnout Els
Batting: RHB Mike Daniels 0-0: Swinging Strike
0-1: Ground out 6-3 (Groundball, 6)
Batting: LHB Jim Unknown 0-0: Ball
1-0: Called Strike
1-1: Fly out, F7 (Flyball, 7LM)
Batting: RHB Mario Castillo 0-0: Ball
1-0: Foul Ball, location: 2F
1-1: Called Strike
1-2: Ball
2-2: Strikes out swinging
Top of the 7th over - 0 run(s), 0 hit(s), 0 error(s), 0 left on base; Tacoma 2 - San Antonio 0
BOTTOM OF THE 7TH
San Antonio BC batting - Pitching for Tacoma Fur Traders : RHP Jim Unknown
Batting: RHB António Sánchez 0-0: Ball
1-0: Foul Ball, location: 2F
1-1: Swinging Strike
1-2: Ball
2-2: Ball
3-2: Ground out 5-3 (Groundball, 56S)
Batting: RHB León Cabrera 0-0: Called Strike
0-1: Ball
1-1: Ball
2-1: Ball
3-1: Foul Ball, location: 2F
3-2: Foul Ball, location: 2F
3-2: Foul Ball, location: 2F
3-2: SOLO HOME RUN (Line Drive, 7LD), Distance : 381 ft
Batting: LHB Trent Kershaw 0-0: Foul Ball, location: 2F
0-1: Ball
1-1: Ball
2-1: Ball
3-1: Called Strike
3-2: Fly out, F8 (Flyball, 8RM)
Batting: RHB Marvin Hayes 0-0: Ball
1-0: Called Strike
1-1: Ball
2-1: Ground out 4-3 (Groundball, 4)
Bottom of the 7th over - 1 run(s), 1 hit(s), 0 error(s), 0 left on base; Tacoma 2 - San Antonio 1
TOP OF THE 8TH
Tacoma Fur Traders batting - Pitching for San Antonio BC : RHP Arnout Els
Pitching: LHP Stanton Miranda
Batting: LHB Jim Unknown 0-0: Called Strike
0-1: Called Strike
0-2: Strikes out swinging
Batting: SHB Júlio Camacho 0-0: Ground out 5-3 (Groundball, 5S)
Batting: RHB Rubén Alvarado 0-0: Ball
1-0: Ball
2-0: SINGLE (Line Drive, 7LS)
Batting: RHB Jim Unknown 0-0: Ball
Rubén Alvarado is caught stealing 2nd base
Top of the 8th over - 0 run(s), 1 hit(s), 0 error(s), 0 left on base; Tacoma 2 - San Antonio 1
BOTTOM OF THE 8TH
San Antonio BC batting - Pitching for Tacoma Fur Traders : RHP Jim Unknown
Batting: RHB Martín Álvarez 0-0: Ball
1-0: Called Strike
1-1: Ground out 1-3 (Groundball, 15)
Batting: RHB Habbo Allaart 0-0: TRIPLE (Flyball, 9M)
Pinch Hitting: RHB Alfredo Rivera 0-0: Called Strike
0-1: Fly out, F8 (Flyball, 8RM)
Runner from 3rd tags up, SCORES, no throw
Batting: LHB Raúl Trevino 0-0: Called Strike
0-1: Swinging Strike
0-2: Ball
1-2: Ball
2-2: Fly out, F7 (Flyball, 7D)
Bottom of the 8th over - 1 run(s), 1 hit(s), 0 error(s), 0 left on base; Tacoma 2 - San Antonio 2
TOP OF THE 9TH
Tacoma Fur Traders batting - Pitching for San Antonio BC : LHP Stanton Miranda
Pitching: RHP Katsuyoshi Takuda
Now at 3B: Mariano Ramírez
Pinch Hitting: RHB Jim Unknown 0-0: Ball
1-0: Swinging Strike
1-1: Fly out, F9 (Flyball, 89M)
Batting: RHB Jim Unknown 0-0: Ground out 5-3 (Groundball, 5)
Batting: RHB Arturo Rodríguez 0-0: Ball
1-0: Foul Ball, location: 2F
1-1: Swinging Strike
1-2: Strikes out looking
Top of the 9th over - 0 run(s), 0 hit(s), 0 error(s), 0 left on base; Tacoma 2 - San Antonio 2
BOTTOM OF THE 9TH
San Antonio BC batting - Pitching for Tacoma Fur Traders : RHP Jim Unknown
Pitching: RHP Denver Milne
Now at 1B: Jim Unknown
Pinch Hitting: RHB Jim Unknown 0-0: Called Strike
0-1: Ball
1-1: Called Strike
1-2: Foul Ball, location: 2F
1-2: Ball
2-2: Foul Ball, location: 2F
2-2: Strikes out swinging
Batting: RHB António Sánchez 0-0: Foul Ball, location: 2F
0-1: Ground out 6-3 (Groundball, 6MS)
Batting: RHB León Cabrera 0-0: Called Strike
0-1: Fly out, F9 (Line Drive, 9M)
Bottom of the 9th over - 0 run(s), 0 hit(s), 0 error(s), 0 left on base; Tacoma 2 - San Antonio 2
TOP OF THE 10TH
Tacoma Fur Traders batting - Pitching for San Antonio BC : RHP Katsuyoshi Takuda
Now in LF: Jim Unknown
Batting: RHB Mike Daniels 0-0: Ball
1-0: Ball
2-0: Ground out U3 (Groundball, 3S)
Batting: LHB Jim Unknown 0-0: Ball
1-0: SINGLE (Line Drive, 9LS)
Batting: RHB Mario Castillo 0-0: Ball
1-0: Ball
2-0: Called Strike
2-1: Ball
3-1: Fly out, F5 (Popup, 5F)
Batting: LHB Jim Unknown 0-0: Ball
1-0: Fly out, F8 (Flyball, 8LXD)
Top of the 10th over - 0 run(s), 1 hit(s), 0 error(s), 1 left on base; Tacoma 2 - San Antonio 2
BOTTOM OF THE 10TH
San Antonio BC batting - Pitching for Tacoma Fur Traders : RHP Denver Milne
Batting: LHB Trent Kershaw 0-0: Ball
1-0: Ground out 4-3 (Groundball, 34)
Pinch Hitting: LHB Gonzalo Durán 0-0: Called Strike
0-1: Called Strike
0-2: Ball
1-2: Strikes out swinging, 2-3 out at first.
Pinch Hitting: LHB Joe McElroy 0-0: Reached on error, E5 (Groundball, 5S)
Batting: RHB Habbo Allaart 0-0: Ball
1-0: Ball
2-0: Swinging Strike
2-1: Called Strike
2-2: Strikes out swinging
Bottom of the 10th over - 0 run(s), 0 hit(s), 1 error(s), 1 left on base; Tacoma 2 - San Antonio 2
TOP OF THE 11TH
Tacoma Fur Traders batting - Pitching for San Antonio BC : RHP Katsuyoshi Takuda
Pitching: RHP Chet Delaney
Now at SS: Dennis Morrow
Now in LF: Gonzalo Durán
Batting: SHB Júlio Camacho 0-0: Foul Ball, location: 2F
0-1: Ball
1-1: Ball
2-1: DOUBLE (Line Drive, 7LM)
Batting: RHB Rubén Alvarado 0-0: Fly out, F7 (Flyball, 7LM)
Batting: RHB Jim Unknown 0-0: Foul Ball, location: 2F
0-1: Ball
1-1: Swinging Strike
1-2: Fly out, F8 (Flyball, 8LD)
Runner from 2nd tags up, SAFE at 3rd, no throw
Batting: RHB Jim Unknown 0-0: Ball
1-0: Fly out, F3 (Popup, 23F)
Top of the 11th over - 0 run(s), 1 hit(s), 0 error(s), 1 left on base; Tacoma 2 - San Antonio 2
BOTTOM OF THE 11TH
San Antonio BC batting - Pitching for Tacoma Fur Traders : RHP Denver Milne
Pitching: RHP Jim Unknown
Pinch Hitting: SHB Lionel Merlet 0-0: Ball
1-0: SINGLE (Line Drive, 34D)
Batting: LHB Raúl Trevino 0-0: Fly out, F5 (Popup, 5F)
Batting: RHB Jim Unknown 0-0: Called Strike
0-1: DOUBLE (Line Drive, 78D)
Lionel Merlet to third
Batting: RHB António Sánchez 0-0: Intentional Walk
Batting: RHB León Cabrera 0-0: Called Strike
0-1: Fly out, F9 (Line Drive, 9S)
Batting: LHB Trent Kershaw 0-0: Foul Ball, location: 2F
0-1: Ball
1-1: SINGLE (Groundball, 4MD)
Lionel Merlet scores
This league is powered by Out of the Park Baseball, the baseball management simulation game for PC, Mac and Linux
Friday, July 8th, 2016 - OOTP Baseball 16.9 Build 39